Workbook

Sheet Balanza Comprobacion
D1: Diferencia para control debe ser cero
D2: HOSPITAL DR. ALBERTO GAUTREAUX
D3: Balanza de comprobación
D4: AL 29 DE FEBRERO 2024
D5: (Valores en RD$)
B6: ** | D6: Cuentas | E6: DB | F6: CR
B7: 0001 | C7: 0001 | D7: Efectivo y Banco | E7: =+Efectivo!C27 -> 1273776.6
B8: 0004 | D8: Cuentas por cobrar | E8: =+'Cuentas por Cobrar'!B17 -> 679423.18
B9: 0005 | D9: Inventario | E9: =+Inventario!B22 -> 756092.93
B10: 0006 | D10: Pago anticipos financieros
B11: 0012 | D11: Mobiliarios y equipos de oficina
D12: terreno
B13: ** | D13: PASIVOS
B14: 0016 | D14: Cuentas por pagar a corto plazo
B15: 0019 | D15: Retenciones y acumulaciones por pagar
D16: Beneficios a empleados a corto plazo
D17: Cuentas por pagar a largo plazo
D18: Capital
B19: 0033 | D19: Resultado acumulado
B20: 0032 | D20: Resultado del período
D21: Ajustes
B22: 0037 | D22: Ingresos
B23: 0039 | C23: 0010 | D23: Sueldos fijos
B24: 0039 | C24: 211201 | D24: Sueldos al personal contratado y/o igualado
B25: 0039 | C25: 211401 | D25: Sueldo anual no. 13
B26: 0039 | C26: 211105 | D26: Incentivos y escalafón
D27: SOBRESUELDOS
D28: Prestación laboral por desvinculación
D29: Compensaciones especiales
B30: 0039 | C30: 0015 | D30: Compensación por horas extraordinarias
C31: 212205 | D31: Compensación por servicio de seguridad
C32: 212206 | D32: Compensaciones por resultado
C33: 212207 | D33: Compensación por distancia
B34: 0039 | D34: Pago de horas extraordinarias, Horas extraordinarias fin de año (Reglamento 523-09)
B35: 0039 | C35: 0017 | D35: Bono por desempeño
D36: GRATIFICACIONES Y BONIFICACIONES
B37: 0039 | C37: 0018 | D37: Gratificaciones por aniversario de institución
D38: CONTRIBUCIONES A LA SEGURIDAD SOCIAL Y RIESGO LABORAL
C39: 214101 | D39: Bonificaciones
B40: 0039 | C40: 215101 | D40: Contribuciones al seguro de salud
B41: 0039 | C41: 215201 | D41: Contribuciones al seguro de pensiones
B42: 0039 | C42: 215301 | D42: Contribuciones al seguro de riesgo laboral
D43: SERVICIOS NO PERSONALES
D44: SERVICIOS BÁSICOS
B45: 0044 | C45: 221201 | D45: Servicios telefónico de larga distancia | F45: 7859.69
B46: 0044 | C46: 221301 | D46: Teléfono local | J46: Servicios de Comunicaciones
B47: 0044 | D47: Telefax y correo | J47: Servicios Basicos
B48: 0044 | C48: 221501 | D48: Servicio de internet y televisión por cable | F48: 10638.41 | J48: Publicidad, Impresiones y Encuadernaciones
B49: 0044 | C49: 221601 | D49: Energía eléctrica | J49: Viaticos Dentro y Fuera del Pais
C50: 221701 | D50: Agua | J50: Transporte y Almacenaje
D51: Organización de eventos y festividades | J51: Alquileres
D52: PUBLICIDAD, IMPRESIÓN Y ENCUADERNACIÓN | J52: Otros alquileres
B53: 0044 | C53: 222101 | D53: Publicidad y propaganda | J53: Seguros
B54: 0044 | C54: 222201 | D54: Impresión y encuadernación | J54: Conservacion, Reparac Menores y Construcciones Temporales
D55: VIÁTICOS | J55: Mant y rep equipos computacion
B56: 0044 | C56: 223101 | D56: Viáticos dentro del país | J56: Mant y rep equipo transporte
B57: 0044 | D57: Viáticos fuera del país | J57: Otros Servicios No Personales
D58: TRANSPORTE Y ALMACENAJES | J58: Comisiones y gastos bancarios
B59: 0044 | C59: 224101 | D59: Pasajes | J59: Serv tecnicos profesionales
B60: 0044 | C60: 224401 | D60: Peajes | J60: Servicios juridicos
D61: Almacenaje | J61: Impuestos
C62: 224201 | D62: Fletes | J62: Servicios de alimentacion
D63: ALQUILERES Y RENTA | J63: Materiales y Suministros
B64: 0044 | D64: Alquiler de equipo de oficina y muebles | J64: Alimentos y bebidas p/personas
B65: 0044 | C65: 2.2.5.4.01 | D65: Alquileres de equipos de transporte, tracción y elevación | J65: Alimentos y Productos Agroforestales
B66: 0044 | C66: 225101 | D66: Alquilleres y rentas de edificios y locales | J66: Textiles y Vestuarios
C67: 225301 | D67: Alquiler de equipo educacional | J67: Productos de Papel, Carton e Impresos
D68: Alquiler de equipo para computación | J68: Productos medicinales para uso humano
C69: 225801 | D69: Otros alquileres | J69: Productos electricos
D70: SEGUROS | J70: Combustibles, Lubricantes, Productos quimicos y Conexos
B71: 0044 | D71: Seguro de bienes muebles | J71: Productos de Cuero, Caucho y Plastico
B72: 0044 | C72: 2.2.6.3.01 | D72: Seguro de personas | J72: Productos de Minerales Metalicos y no Metalicos
D73: CONSERV., REPS. MENORES E INSTALACIONES TEMP. | J73: Productos y Utiles Varios
C74: 226201 | D74: Seguros de bienes | J74: Equipo medico y de laboratorio
C75: 227101 | D75: Obras menores en edificaciones | J75: Instrumental medico y laboratorio
C76: 227102 | D76: Serv. Especiales de Mantenimiento y Reparacion
C77: 227202 | D77: Mant y rep equipos computacion | J77: Bienes muebles e inmuebles
C78: 227206 | D78: Mant y rep equipo transporte
C79: 227204 | D79: Mant y reparac eq oficina y muebles
B80: 0044 | C80: 227205 | D80: Mantenim y reparación equipos especiales
D81: Mantenimiento y reparación de obras civiles en instalaciones varias
B82: 0044 | C82: 2.2.7.1.07 | D82: Servicios de pintura y derivados con fin de higiene y embellecimiento
B83: 0044 | D83: Reparaciones de obras menores
B84: 0044 | D84: Mant. y rep. De equipo de oficina y muebles
D85: Instalaciones eléctricas
B86: 0044 | C86: 2.2.7.2.05 | D86: Mantenimiento y reparación de equipos sanitarios y de laboratorio
B87: 0044 | C87: 227206 | D87: Mant. y rep. equipo transporte, tracción y elevación
D88: Mantenimiento y reparación e instalaciones electricas
D89: Mantenimiento y reparación de equipo para computación
D90: Equipo de telecomunicaciones y señalamiento
D91: OTROS SERVICIOS NO PERSONALES
B92: 0044 | D92: Comisiones y gastos bancarios
B93: 0044 | C93: 2.2.8.3.01 | D93: Servicios sanitarios médicos y veterinarios
B94: 0044 | C94: 228501 | D94: Fumigación
B95: 0044 | C95: Activos prepagados | D95: Insecticidas, Fumigantes y Otros | F95: 225
B96: 0044 | C96: Activos prepagados | D96: Limpieza e higiene
B97: 0044 | D97: Eventos generales
B98: 0044 | D98: Festividades
B99: 0044 | C99: 228702 | D99: Servicios jurídicos
D100: Gastos judiciales
...

Sheet ESF SNS
C1: HOSPITAL MUNICIPAL DR. ALBERTO GAUTREAUX
C2: Estados Financieros del SRS
C3: Al 31 DE OCTUBRE DEL 2025
C4: Valores en RD$
D6: ELABORACION Y ANALISIS DE LOS ESTAS FINANCIEROS DEL CEAS
A7: Mapeo | C7: Activos | F7: CODIGO 3.1.1.2.08
C8: Activos corrientes
A9: 0001 | D9: Efectivo y equivalentes de efectivo (Nota 1) | F9: =+Efectivo!C27 -> 1273776.6
A10: 0004 | D10: Cuenta por cobrar (Notas 2) | F10: =+'Cuentas por Cobrar'!B17 -> 679423.18
A11: 0005 | D11: Inventarios (Nota 3) | F11: =Inventario!B22 -> 756092.93
A12: 0006 | D12: Pagos anticipos financieros (Nota 4)
C13: Total activos corrientes | F13: =SUM(F8:F12) -> 2709292.7 | G13: =SUM(G8:G12) -> 0
C15: Activos no corrientes
A16: 0008 | D16: Cuentas por cobrar a largo plazo (Nota 5)
A17: 0012 | D17: Mobiliarios y equipos neto (Nota 6)
D18: Equipo de Transporte (Nota 7)
D19: Terrenos (Nota 8)
C20: Total activos no corrientes | G20: =SUM(G16:G19) -> 0
C22: Total activos | F22: =+F13 -> 2709292.7 | G22: =SUM(G20,G13) -> 0
C24: Pasivos
C25: Pasivos corrientes
A26: 0016 | D26: Cuentas por pagar suplidores (Nota 9 ) | F26: =+'CXP Corto plazo'!B12 -> 615145.67
A27: 0019 | D27: Retenciones y acumulaciones por pagar (Nota 10) | F27: =+'Retenciones y Acum.'!B18 -> 16966.51
A28: 0021 | D28: Beneficios acomulados por pagar a empleados (Nota 11) | F28: ='Benef. Empl x p Corto Plazo'!B14 -> 0
C29: Total pasivos corrientes | F29: =SUM(F26:F28) -> 632112.18 | G29: =SUM(G26:G28) -> 0
C31: Pasivos no corrientes
A32: 0024 | D32: Cuentas por pagar a largo plazo (Nota 12)
C33: Total pasivos no corrientes | F33: =SUM(F32) -> 0
C34: Total pasivos | F34: =SUM(F29,F33) -> 632112.18 | G34: =SUM(G29,G33) -> 0
C36: Activos Netos/Patrimonio (Nota 13)
A37: 0030 | D37: Patrimonio | F37: =F22-F34-F38 -> 2011752.5
A38: 0032 | D38: Resultados positivos (ahorro) / negativo (desahorro) | F38: ='ERF SRS'!F27 -> 65428.08
C39: Total activos netos/patrimonio | F39: =SUM(F37:F38) -> 2077180.5
C41: Total pasivos y activos netos/patrimonio | F41: =F34+F39 -> 2709292.7 | G41: =+G34+G39 -> 0
D45: LIC.HECTOR CALCAÑO
D46: Contable
D55: FORMATO ESTADOS FINANCIEROS
D57: ESTADOS FINANCIEROS
D58: INFORMES O ESTADOS CONTABLES: Son el reflejo de la contabilidad de una empresa y muestran la estructura económica de la misma. En los Estados Financieros se plasman las actividades económicas que se realizan en la empresa durante un determinado tiempo. | I58: NOTAS DE REFERNCIA:
I59: El Estado financiero del mes de junio 2022
D60: ESTAN COMPUESTOS POR: | I60: Presenta un balace positivo de $232,123.29 y
D61: -Activos | I61: podemos notar la dismininucion de la deudas.
D62: -Pasivos
D63: -Capital
D65: ACTIVOS: Son todos las propiedades que posee una empresa.
D66: PASIVOS: Deudas y compromisos que posee la empresa.
D67: CAPITAL O PATRIMONIO: Aportaciones realizadas y beneficios que ha generado la empresa.

Sheet ERF SRS
C2: HOSPITAL MUNICIPAL DR. ALBERTO GAUTREAUX
C3: Estado de Rendimiento Financiero
C4: Del ejercicio terminado al 31 de octubre del 2025
C5: (Valores en RD$)
H7: =+[1]ESF!H7 -> 2016
C8: Ingresos (Nota 17)
A9: 0035 | D9: Impuestos
A10: 0036 | D10: Ingresos por transacciones con contraprestación
A11: 0037 | D11: Transferencias | F11: =+'Cuentas por Cobrar'!B17 -> 679423.18
A12: 0038 | D12: Recargos, multas y otros ingresos
C13: Total ingresos | F13: =SUM(F9:F12) -> 679423.18 | H13: =SUM(H9:H12) -> 0
C15: Gastos (Notas 18, 19, 20, 21 y 22)
A16: 0039 | D16: Sueldos, salarios y beneficios a empleados
A17: 0040 | D17: Subvenciones y otros pagos por transferencias
A18: 0041 | D18: Suministros y materiales para consumo | F18: 524743
A19: 0042 | D19: Gasto de depreciación y amortización
A20: 0043 | D20: Deterioro del valor de propiedad, planta y equipo | F20: 13300
A21: 0044 | D21: Otros gastos | F21: 58985.59
A22: 0045 | D22: Gastos financieros | F22: =+'Retenciones y Acum.'!B9 -> 16966.51 | H22: =SUMIF([1]BC!B:B,[1]ERF!A22,[1]BC!G:G) -> #VALUE!
C23: Total gastos | F23: =SUM(F16:F22) -> 613995.1 | H23: =SUM(H16:H22) -> #VALUE!
C27: Resultados positivos (ahorro) / negativo (desahorro) | F27: =+F13-F23 -> 65428.08 | H27: =+H13-H23+#REF!+#REF! -> #VALUE!
C29: Atribuible a:
A30: 0048 | D30: Propietarios de la entidad controladora | F30: 0 | H30: 0
A31: 0049 | D31: Intereses minoritarios | F31: 0 | H31: 0
F32: =SUM(F30:F31) -> 0 | H32: =SUM(H30:H31) -> 0
D36: ESTADO DE RESULTADO
D37: Muestra si ha habido beneficios o pérdidas.
D39: SE DETERMINA DE LA SIGUIENTE MANERA
D41: Total de Ingresos
C42: menos | D42: total de Gastos
C43: igual | D43: Resultados positivos (ahorro) / negativo (desahorro)

Sheet Efectivo
B1: HOSPITAL MUNICIPAL DR. ALBERTO GAUTREAUX
B2: Nota No. 1: Efectivo Caja y Bancos
B3: Del ejercicio terminado al 31 de octubre 2025
B4: (Valores en RD$)
A6: # Cta. | B6: Nombre de cuenta | C6: Monto
B9: Caja Chica
B10: Cta Seguridad Social
B11: Cta Fondo Reponible
B12: Cta Operativa
B13: Cta Venta de Servicio | C13: 1273776.6
B14: Total balance cuentas bancarias del Reservas | C14: =+C11+C13 -> 1273776.6
A16: # Cta. | B16: Tesoreria Nacional | C16: Monto
A17: 9995028000 | B17: VENTA DE SERVICIOS
A18: 9995028001 | B18: FONDO OPERATIVO
A19: 2110003000
A20: 9998014000
A22: 100198000
A23: 100198001
B27: Total efectivo y equivalentes de efectivo | C27: =+C14+C18 -> 1273776.6
B31: EFECTIVO: Es un elemento de balance y forma parte del activo (circulante o corriente).

Sheet Cuentas por Cobrar
A1: HOSPITAL MUNICIPAL DR. ALBERTO GAUTREAUX
A2: Nota No. 2: Cuentas Por Cobrar
A3: =Efectivo!B3 -> Del ejercicio terminado al 31 de octubre 2025
A4: (Valores en RD$)
A6: Detalle | B6: Monto
A9: Cuentas Por Cobrar Colaboradores
A10: Otras Cuentas Por Cobrar (Retencion IR-3)
A11: Transferencia del Servicio Nacional de Salud | B11: =+Ingresos!B17 -> 0
A12: Deposito cuota odontologia | B12: =+Ingresos!B13 -> 56800
A13: Cuentas por Cobrar Ventas de Servicios | B13: =+Ingresos!B9+Ingresos!B16 -> 578173.18
A14: Deposito cuota extranjeros | B14: =+Ingresos!B14 -> 44450
A15: Cuentas por Cobrar Senasa
A16: Anticipos financieros
A17: Total Cuentas Por Cobrar | B17: =SUM(B9:B16) -> 679423.18
A21: CUENTA POR COBRAR: Son derechos de cobros que posee una entidad sobre tercero hasta una fecha determinada, forma parte de los activos más importante, ya que es el activo más liquido después del efectivo.

Sheet Inventario
A1: HOSPITAL MUNICIPAL DR. ALBERTO GAUTREAUX
A2: Nota No. 3: Inventarios
A3: =Efectivo!B3 -> Del ejercicio terminado al 31 de octubre 2025
A4: (Valores en RD$)
A5: Descripción | B5: Monto
A8: Inventario Medicamentos | B8: 198525.93
A9: Utiles Medicos Quirurgicos | B9: 64892
A10: Inventario Insumos laboratorios | B10: 145975
A11: Inventario Insumos odontologicos
A12: Equipos medicos
A13: Equipos odontologicos
A14: Equipos informaticos
A15: Material gastable de oficina, impresos, toner | B15: 70800
A16: Ferreteria/Refrigeracion
A17: Hogar/Higiene
A18: Despensa | B18: 275900
A19: Componentes vehiculos
A20: Textiles
A21: Otros
A22: Total Inventario | B22: =SUM(B8:B21) -> 756092.93
A25: INVENTARIOS: Es el conjunto de bienes en existencia destinado a realizar una operación, debe aparecer contablemente en los activos (como activos circulantes o corrientes).

Sheet CXP Corto plazo
A1: HOSPITAL MUNICIPAL DR. ALBERTO GAUTREAUX
A2: Nota No. 9: Cuentas por Pagar a Corto Plazo
A3: =Efectivo!B3 -> Del ejercicio terminado al 31 de octubre 2025
A4: (Valores en RD$)
A7: Detalle | B7: Monto
A10: Cuentas por Pagar Suplidores | B10: 615145.67
A11: Cuentas por Pagar Alquileres
A12: Total Cuentas Por Pagar a Corto Plazo | B12: =SUM(B10:B11) -> 615145.67
A15: CUENTAS POR PAGAR: Son todas aquellas deudas que una entidad contrae con los diferentes proveedores, producto de haber adquirido bienes y servicios.
A17: SE DIVIDEN EN:
A18: CORTO PLAZO: Son aquellas deudas que deberán pagarse en un plazo de un año o menos.
A20: LARGO PLAZO: Es la que su plazo se realizara de manera posterior a un año.

Sheet Mobiliario Eq. Ofc.
A1: HOSPITAL MUNICIPAL DR. ALBERTO GAUTREAUX
A2: Nota No. 5: Mobiliarios y Equipos Transporte
A3: =Efectivo!B3 -> Del ejercicio terminado al 31 de octubre 2025
A4: (Valores en RD$)
A6: Mobiliarios y Equipos de Oficinas | B6: Monto
A8: Costos:
A9: Saldos al inicio
A10: Adiciones
A11: Retiros
A12: Saldo al final
A17: Equipos de Transporte y Otros | B17: HSVP
A18: Costos:
A19: Saldos al inicio
A20: Adiciones
A21: Retiros
A22: Saldo al final
A26: Depreciación acumulada: | B26: Sede Central
B27: SNS
A28: Saldos al inicio Mob. Y Eq.
A29: Saldos al inicio de Equipo de Trans.
A30: Cargo del período Mob. Y Eq.
A31: Cargo del período Equipo de Trans.
A32: Retiros Mob. Y Equipo
A33: Retiros Equipo de Trans.
A34: Saldo al final
A37: Mobiliarios y equipos, neto
A40: MOBILIARIOS Y EQUIPOS: Son todos los muebles y enseres que posee una entidad para que el espacio de trabajo sea funcional.

Sheet Pagos anticipados
A1: HOSPITAL MUNICIPAL DR. ALBERTO GAUTREAUX | J1: EJEMPLO
A2: Nota No. 4: Pagos anticipados
A3: =Efectivo!B3 -> Del ejercicio terminado al 31 de octubre 2025 | I3: Seguros | J3: Pagos | K3: Balance
A4: (Valores en RD$) | I4: 12000
I5: enero | J5: 0 | K5: 12000
I6: febrero | J6: 1000 | K6: =K5-J6 -> 11000
A7: Detalle | B7: Monto | I7: marzo | J7: 1000 | K7: =K6-J7 -> 10000
I8: abril | J8: 1000 | K8: =K7-J8 -> 9000
I9: mayo | J9: 1000 | K9: =K8-J9 -> 8000
A10: Alquileres | I10: junio | J10: 1000 | K10: =K9-J10 -> 7000
A11: Seguros vehiculos | I11: julio | J11: 1000 | K11: =K10-J11 -> 6000
A12: Total Cuentas Por Pagar a Corto Plazo | B12: =+B11+B10 -> 0 | I12: agosto | J12: 1000 | K12: =K11-J12 -> 5000
I13: septbre | J13: 1000 | K13: =K12-J13 -> 4000
I14: octubre | J14: 1000 | K14: =K13-J14 -> 3000
I15: noviembre | J15: 1000 | K15: =K14-J15 -> 2000
A16: PAGOS ANTICIPADOS: Son aquellos pagos que se contabiliza en el ejercicio pero que realmente pertenecen a otro posterior. | I16: diciembre | J16: 1000 | K16: =K15-J16 -> 1000
A17: Ejemplo:
A18: Pagos de seguros
A19: Pagos de alquileres por adelantado
A20: Fianzas
A21: Etc.

Sheet Retenciones y Acum.
A1: HOSPITAL MUNICIPAL DR. ALBERTO GAUTREAUX
A2: Nota No.10: Retenciones y Acumulaciones
A3: =Efectivo!B3 -> Del ejercicio terminado al 31 de octubre 2025
A4: (Valores en RD$)
A7: Detalle | B7: Monto
A8: Retenciones anteriores
A9: Retencion ISR 5% | B9: 16966.51
A10: Retenciones ISR 10%
A11: Retencion IR-3
A12: Retencion ITBIS
A13: Infotep
A14: Retencion Seguridad Social
A15: Retencion de Supervision de Obras
A16: Retencion ley 6-86 Pensiones
A17: Otras retenciones
A18: Total Retenciones y Acumulaciones | B18: =SUM(B8:B17) -> 16966.51
A22: RETENCIONES Y ACOMULACIONES:
A23: Son deducciones efectuadas por agente de retención a los pagos de salarios y otros ingresos en una entidad determinada por leyes, reglamentos y normas tributaria.
A24: ACOMULACIONES:
A25: Son todas aquellas obligaciones de la entidad que no se han pagado en la fecha establecida

Sheet Benef. Empl x p Corto Plazo
A1: HOSPITAL MUNICIPAL DR. ALBERTO GAUTREAUX
A2: Nota No. 11: Beneficios a Empleados por Pagar a Corto Plazo
A3: =Efectivo!B3 -> Del ejercicio terminado al 31 de octubre 2025
A4: (Valores en RD$)
A7: Detalle | B7: Monto
A10: Sueldos Por Pagar
A11: Viaticos Empleados
A12: Incentivos Senasa *
A13: Incentivos odontologia
A14: Total Beneficios a Empleados por Pagar a Corto Plazo | B14: =SUM(B10:B13) -> 0
A18: BENEFICIOS A EMPLEADOS POR PAGAR A CORTO PLAZO:
A19: Son las diferentes indemnizaciones adquirida por los empleados y que deben ser liquidadas en el término de 12 meses.
A20: Ejemplo:
A21: Sueldos
A22: Viáticos
A23: Incentivos

Sheet CXP Largo Plazo
A1: Servicio Regional de Salud
A2: Nota No.12: Cuentas por Pagar Largo Plazo
A3: =Efectivo!B3 -> Del ejercicio terminado al 31 de octubre 2025
A4: (Valores en RD$)
A8: Detalle | B8: Monto
A11: Cuentas por Pagar Largo Plazo
A12: Total Cuentas Por Pagar a Largo Plazo | B12: =+B11 -> 0
A16: LARGO PLAZO: son aquellas deudas que su pago se realizara de manera posterior a un año.

Sheet Patrimonio
A1: HOSPITAL DR. ALBERTO GAUTREAUX
A2: Nota No.13: Patrimonio
A3: =Efectivo!B3 -> Del ejercicio terminado al 31 de octubre 2025
A4: (Valores en RD$)
A6: Detalle | B6: Monto
A9: Capital | B9: ='ESF SNS'!F22-'ESF SNS'!F34-'ESF SNS'!F38 -> 2011752.5
A10: Resultados positivos (ahorro)/negativo (desahorro) | B10: ='ERF SRS'!F27 -> 65428.08
A11: Total Patrimonio Neto | B11: =B9+B10 -> 2077180.5
A14: PATRIMONIO
A15: Es el conjunto de bienes y derechos, cargas y obligaciones que pertenecen a una persona física o jurídica.

Sheet Ingresos
A1: HOSPITAL DR. ALBERTO GAUTREAUX
A2: Nota No.17: Ingresos
A3: =Efectivo!B3 -> Del ejercicio terminado al 31 de octubre 2025
A4: (Valores en RD$)
A6: Ingresos con Contraprestacion de Servicios | B6: Monto
A8: Venta de Servicios | B8: 578173.18
A9: Sub-Total | B9: =+B8 -> 578173.18
A11: Ingresos sin Contraprestacion de Servicios | B11: Monto
A12: Otros Ingresos
A13: deposito cuota odontologia | B13: 56800
A14: Deposito Extranjero | B14: 44450
A15: Fondo Operativo
A16: Deposito de odontologia
A17: Transferencia del servicio nacional de salud
A18: XXX
A19: Ayudas y Donaciones
A20: XXXX
A21: Sub- Cuenta Disponibilidad Direccion Central Servicio Nacional de Salud
A22: Sub-Total
A23: Total | B23: =SUM(B13:B22)+B9 -> 679423.18
A27: INGRESOS
A28: Son cantidades monetarias que recibe una empresa por la venta de bienes o servicios.
A29: Pueden ser:
A30: Fijos y variables.
C2265: HOSPITAL MUNICIPAL DR. ALBERTO GAUTREAUX

Sheet Total Gasto
A1: Servicio Nacional de Salud
A2: HOSPITAL DR. ALBERTO GAUTREAUX
A3: Notas No.18 Gastos Generales
A4: =Efectivo!B3 -> Del ejercicio terminado al 31 de octubre 2025
A5: (Valores en RD$)
A6: DETALLES | B6: MONTO
A7: Gastos de Consumo
A8: Remuneraciones
A9: Sueldos personal contratado
A10: Sueldos Personal Seguridad
A11: Sueldos al personal por servicios especiales
A12: Incentivos y escalafón
A13: Compensacion servicios seguridad
A14: Compensaciones Directas al Personal
A15: Compensacion por resultados
A16: Jornales
A17: Honorarios
A18: Dietas y Gastos de Representacion
... A25: Servicios no Personales
A26: Servicios de Comunicaciones | B26: =34974.51+33303.4+833 -> 69110.91
A27: Servicios Basicos
A28: Servicios de informática y sistemas computarizados
A29: Publicidad, Impresiones y Encuadernaciones
A30: Viaticos Dentro y Fuera del Pais
A31: Fletes
A32: Alquileres | B32: 30000
A33: Otros alquileres
A34: Seguros
A35: Conservacion, Reparac Menores y Construcciones Temporales
A36: Mant y reparac eq oficina y muebles | B36: 7000
A37: Sistemas de Climatizacion
A38: Mant y rep especiales
A39: Mant y rep equipo transporte
A40: Intalaciones Electricas | B40: 7000
A41: Mant y rep equipos electricos
A42: Mant. y reparación de equipos sanitarios y de laboratorio | B42: =7000+5013.91 -> 12013.91
A43: Servicios especiales de mantenimiento y reparación
A44: Otros Servicios No Personales
A45: Comisiones y gastos bancarios
A46: Serv tecnicos profesionales
A47: Servicios juridicos
A48: Impuestos
A49: Servicios de alimentacion | B49: 7000
A50: Materiales y Suministros
A51: Alimentos y bebidas p/personas | B51: =19340+45057 -> 64397
A52: Alimentos y Productos Agroforestales
A53: Reactivos de laboratorio | B53: 72078.07
A54: Utiles de Oficina | B54: 71415
A55: Productos de Papel, Carton e Impresos | B55: 5546
A56: Productos medicinales para uso humano | B56: =4600+17300 -> 21900
A57: Otros Gastos | B57: 25000
A58: Hilados y telas y Acabados textiles
A59: Utencilios de Cocina
A60: Pinturas Lacas y Otros | B60: 9732.43
A61: Combustibles, Lubricantes, Productos quimicos y Conexos | B61: 55499.93
A62: Productos de Cuero, Caucho y Plastico | B62: =8600+3291.63 -> 11891.63
A63: Productos Electricos y Afines | B63: 13642.91
A64: Productos de Artes Graficos
A65: Productos de Cemento y Porcelanato
A66: Productos de Minerales Metalicos y no Metalicos | B66: =14536.67+2122.45 -> 16659.12
A67: Productos Quimicos de Uso Personal
A68: Equipo medico y de laboratorio | B68: 19683.97
A69: Instrumental medico y laboratorio
A70: Materiales de Limpieza | B70: =32145+62279.22 -> 94424.22
A71: Otros Repuestos
A72: Direccion general de Contabilidad Gubernamental
A73: Plan de Cuentas General Para el Sector Publico
A74: Gastos por Cuentas Incobrables
A75: Perdidas en Rentas por Recaudar
A76: Perdidas en Cuentas Por Cobrar
A77: Gastos Financieros
A78: Intereses de la Deuda Interna
A79: Intereses de la Deuda Externa
A80: Comisiones de la Deuda Interna
A81: Comisiones de la Deuda Externa
A82: Perdida en Operaciones Financieras
... A90: Donaciones a Gobiernos Exranjeros
A91: Total Gastos Generales | B91: =SUM(B7:B90) -> 613995.1
A96: GASTOS
A97: Son todos los egresos o salida de dinero que hace una persona o empresa para acreditarse derecho sobre bienes y servicios recibidos.
A98: El GASTO es una partida que disminuye el beneficio de la empresa o que aumenta la deuda o pérdida.
A99: Siempre implicara el desembolso de una empresa o persona física.
